 Dungeon Crawl Stone Soup version 0.22.0-38-g04b72b8 (webtiles) character file.

272 nicolaieve the Basher (level 6, -6/51 HPs)
             Began as a Minotaur Berserker on Aug 26, 2018.
             Was a Priest of Trog.
             Killed by divine providence
             ... invoked by an orc priest
              (14 damage)
             ... on level 4 of the Dungeon.
             The game lasted 00:12:24 (2112 turns).

nicolaieve the Basher (Minotaur Berserker)          Turns: 2112, Time: 00:12:25

Health: -6/51      AC: 12    Str: 21    XL:     6   Next: 2%
Magic:  5/5        EV:  6    Int:  4    God:    Trog [***...]
Gold:   174        SH:  3    Dex: 12    Spells: 5/5 levels left

rFire    . . .     SeeInvis .   t - +0 whip
rCold    . . .     Gourm    .   (no shield)
rNeg     . . .     Faith    .   m - +0 plate armour
rPois    .         Spirit   .   (helmet restricted)
rElec    .         Reflect  +   (no cloak)
rCorr    .         Harm     .   (no gloves)
MR       .....                  b - +0 pair of boots
Stlth    ..........             k - +3 amulet of reflection
HPRegen  0.17/turn              (no ring)
MPRegen  0.09/turn              (no ring)

@: berserk cooldown, slowed, very slow
A: retaliatory headbutt, horns 2
a: Berserk, Trog's Hand, Renounce Religion


You were on level 4 of the Dungeon.
You worshipped Trog.
Trog was most pleased with you.
You were near starving.

You visited 1 branch of the dungeon, and saw 4 of its levels.

You collected 174 gold pieces.

Inventory:

Hand Weapons
 t - a +0 whip (weapon)
Armour
 b - a +0 pair of boots (worn)
 m - a +0 plate armour (worn)
Jewellery
 a - an uncursed ring of protection from magic {unknown}
 f - an uncursed amulet of the gourmand {unknown}
 k - a +3 amulet of reflection (around neck)
Scrolls
 e - 2 scrolls of noise {unknown}
 g - a scroll of blinking {unknown}
 i - 3 scrolls of identify {unknown}
 j - 5 scrolls of teleportation {unknown}
 l - a scroll of enchant weapon {unknown}
 o - a scroll of remove curse {unknown}
Potions
 d - 2 potions of heal wounds {unknown}
 h - a potion of haste {unknown}
 n - a potion of curing {unknown}
 p - a potion of berserk rage {unknown}
 q - 2 potions of brilliance {unknown}
 s - a potion of might {unknown}
Comestibles
 c - 8 rations


   Skills:
 - Level 3.6 Fighting
 + Level 8.2 Maces & Flails
 - Level 2.4 Armour
 - Level 2.1 Dodging


You had 5 spell levels left.
You didn't know any spells.
Your spell library was empty.

Dungeon Overview and Level Annotations

Branches:
Dungeon (4/15)
 Temple: D:4-7

Altars:
Ashenzari
Cheibriados
Elyvilon
Hepliaklqana
Vehumet
The Shining One


Innate Abilities, Weirdness & Mutations

You reflexively headbutt those who attack you in melee.
You have a pair of horns on your head.


Message History

You closely miss the orc priest.
The orc priest is heavily wounded.
The orc hits you with a short sword.
* * * LOW HITPOINT WARNING * * *
The orc priest hits you but does no damage.
You whack the orc!
You kill the orc!
Trog accepts your kill.
The orc priest calls down the wrath of Beogh upon you.
Pain shoots through your body!
* * * LOW HITPOINT WARNING * * *
You see here a short sword.
You feel a strong urge to attack something.
You are no longer berserk.
You are exhausted.
You feel as though you will be slow longer.
The orc priest hits you but does no damage.
The orc priest invokes the aid of Beogh against you.
Beogh smites you!
You die...

### .. ..# ...
#.# #'# #.# #.#
#.# #.# #)# #.#
#.#######.#######
#@o)).)..........
#.)######.######
#..# #.#####...
#..# #>........
#%.# #.#####.##
#..# #.# #..#
#.##### #..#
#.....# #..#
#####.#


You could see an orc priest.

Vanquished Creatures
  An orc priest (D:3)
  2 orc wizards
  Ijyb (D:3)
  A worker ant zombie (D:2)
  2 adders
  An ooze (D:3)
  2 worms
  5 dart slugs
  5 leopard geckos
  9 orcs
  10 bats
  4 giant cockroaches
  3 goblins
  11 hobgoblins
  11 jackals
  4 quokkas
  A ball python (D:2)
  6 frilled lizards
  11 kobolds
  7 rats
97 creatures vanquished.

Notes
Turn   | Place    | Note
-------+----------+-------------------------------------------
     0 | D:1      | nicolaieve the Minotaur Berserker began the quest for the Orb.
     0 | D:1      | Reached XP level 1. HP: 19/19 MP: 0/0
    89 | D:1      | Reached skill level 4 in Maces & Flails
   162 | D:1      | Reached XP level 2. HP: 26/26 MP: 1/1
   329 | D:1      | Reached skill level 5 in Maces & Flails
   411 | D:1      | Reached XP level 3. HP: 31/31 MP: 2/2
   646 | D:2      | Found a glowing golden altar of the Shining One.
   740 | D:2      | Reached ** piety under Trog
   894 | D:2      | Reached skill level 6 in Maces & Flails
   894 | D:2      | Reached XP level 4. HP: 39/39 MP: 3/3
  1126 | D:2      | Found a hazy altar of Hepliaklqana.
  1126 | D:2      | Found a faded altar of an unknown god.
  1139 | D:2      | Found a radiant altar of Vehumet.
  1145 | D:2      | Found a shattered altar of Ashenzari.
  1146 | D:2      | Found a faded altar of an unknown god.
  1373 | D:3      | Reached *** piety under Trog
  1449 | D:3      | Noticed Ijyb
  1455 | D:3      | Reached skill level 7 in Maces & Flails
  1455 | D:3      | Reached XP level 5. HP: 45/45 MP: 4/4
  1458 | D:3      | Killed Ijyb
  1494 | D:3      | Found a snail-covered altar of Cheibriados.
  1585 | D:3      | Found a white marble altar of Elyvilon.
  2087 | D:4      | Reached skill level 8 in Maces & Flails
  2087 | D:4      | Reached XP level 6. HP: 40/51 MP: 5/5
  2112 | D:4      | Killed from afar by an orc priest

Skill      XL: |  1  2  3  4  5 |
---------------+----------------+-----
Maces & Flails | 4 5 6 7 8 |  8.2
Fighting       | |  3.6
Armour         | |  2.4
Dodging        | |  2.1

Action                   |  1- 3 |  4- 6 || total
-------------------------+-------+-------++-------
Melee: Mace              |    83 |    97 ||   180
       Headbutt          |    12 |    20 ||    32
       Whip              |       |    34 ||    34
Invok: Berserk           |     2 |     2 ||     4
  Eat: Chunk             |     1 |     5 ||     6
Armor: Animal skin       |     2 |       ||     2
       Leather armour    |     6 |       ||     6
       Plate armour      |    35 |    77 ||   112
Dodge: Dodged            |    39 |    44 ||    83
Block: Other             |    12 |    11 ||    23
